 Dungeon Crawl Stone Soup version 0.26.1-11-gd32895ea62 (webtiles) character file.

Game seed: 1923995387384613653

6943 Majorwet the Grappler (level 10, -23/77 HPs)
             Began as a Demonspawn Berserker on June 18, 2021.
             Was a High Priest of Trog.
             Hit by a large rock thrown by a cyclops (25 damage)
             ... on level 9 of the Dungeon on June 20, 2021.
             The game lasted 00:26:09 (10055 turns).

Majorwet the Grappler (Demonspawn Berserker)       Turns: 10055, Time: 00:26:10

Health: -23/77     AC: 12    Str: 27    XL:     10   Next: 80%
Magic:  0/10       EV: 12    Int:  8    God:    Trog [*****.]
Gold:   333        SH:  2    Dex: 13    Spells: 9/9 levels left

rFire    + . .     SeeInvis .     - Unarmed
rCold    + . .     Faith    .   D - -7 buckler "Faguramn" {rF+ rC+}
rNeg     . . .     Spirit   +   s - +0 plate armour
rPois    .         Reflect  +   (helmet restricted)
rElec    .         Harm     .   (no cloak)
rCorr    .         Rampage  .   (no gloves)
Will     .....                  (boots unavailable)
Stlth    ..........             n - amulet of reflection
HPRegen  0.22/turn              z - +4 ring of evasion
MPRegen  0.12/turn              l - +6 ring of strength

@: berserk cooldown, slowed, very slow
A: antennae 1, claws 2, talons 3, magic shield
a: Renounce Religion, Berserk, Trog's Hand, Brothers in Arms


You were on level 9 of the Dungeon.
You worshipped Trog.
Trog was extremely pleased with you.
You visited 1 branch of the dungeon, and saw 9 of its levels.

You collected 573 gold pieces.
You spent 240 gold pieces at shops.

Inventory:

Armour
 s - a +0 plate armour (worn)
 D - the -7 buckler "Faguramn" (worn) {rF+ rC+}
   (You found it on level 7 of the Dungeon)

   It protects you from fire.
   It protects you from cold.
 G - +0 steam dragon scales
Jewellery
 l - a +6 ring of strength (right claw)
 n - an amulet of reflection (around neck)
 y - an uncursed ring of poison resistance
 z - a +4 ring of evasion (left claw)
 I - an uncursed ring of flight
 L - the ring of Tyujos {rC+ rN+}
   (You found it on level 8 of the Dungeon)

   [ring of positive energy]

   It protects you from cold.
   It protects you from negative energy.
Wands
 i - a wand of acid (2) (quivered)
 p - a wand of paralysis (17)
 B - a wand of flame (23)
 H - a wand of enslavement (8)
 J - a wand of disintegration (11)
 K - a wand of iceblast (9)
Scrolls
 a - 5 scrolls of teleportation
 b - 2 scrolls of blinking {unknown}
 c - 4 scrolls of fear
 d - 2 scrolls of noise
 f - 4 scrolls of remove curse
 h - 2 scrolls of random uselessness
 k - 4 scrolls of amnesia
 o - 3 scrolls of enchant weapon
 u - 2 scrolls of fog
 w - 2 scrolls of magic mapping {unknown}
 x - a scroll of summoning
 E - a scroll of immolation {unknown}
 F - 2 scrolls of vulnerability {unknown}
Potions
 e - 5 potions of flight
 g - a potion of attraction
 j - 6 potions of curing
 m - 3 potions of haste
 q - 2 potions of brilliance {unknown}
 r - a potion of resistance {unknown}
 t - 2 potions of berserk rage {unknown}
 v - a potion of heal wounds
 A - a potion of lignification {unknown}
 C - a potion of might


   Skills:
 * Level 6.5 Fighting
 + Level 6.1 Armour
 - Level 2.3 Dodging
 + Level 2.2 Shields
 * Level 11.8 Unarmed Combat
 * Level 5.3 Evocations


You had 9 spell levels left.
You didn't know any spells.
Your spell library was empty.

Dungeon Overview and Level Annotations

Branches:
Dungeon (9/15)             Temple (0/1) D:7
   Lair: D:8-11         Orc: D:9-12

Altars:
Ashenzari
Dithmenos
Gozag
Hepliaklqana
Okawaru
Qazlal
Ru
Vehumet
Yredelemnul

Shops:
D:4 !   D:5 ?*[

Annotations:
D:8 3 runed translucent doors, Almogavar's ghost, novice KoCj


Innate Abilities, Weirdness & Mutations

You have a pair of small antennae on your head.
You have very sharp fingernails.
You have claws for feet.
When hurt, damage is shared between your health and your magic reserves.


Message History

an arrow; a -1 spear; a +0 animal skin The centaur shoots an arrow.
The arrow closely misses you.
The centaur shoots an arrow.
The arrow hits you but does no damage.
You see here 2 arrows.
The centaur shoots an arrow.
The arrow hits you but does no damage.
The centaur shoots an arrow.
The arrow hits you.
There is a dry fountain, spattered with blood here.
You see here an arrow.
The centaur shoots an arrow.
The arrow hits you. The arrow freezes you.
You see here an arrow.
Your skin stops crawling.
You feel less strong-willed.
The cyclops throws a large rock.
The large rock hits you!
You see here a large rock.
The cyclops throws a large rock.
The large rock hits you!!
* * * LOW HITPOINT WARNING * * *
You see here a large rock.
The cyclops throws a large rock.
The large rock hits you!!
* * * LOW HITPOINT WARNING * * *
The cyclops throws a large rock.
The large rock hits you!!
You die...

#........# #.................##
#........# #..................#
#........####...............#..##
................................†
#........###########(.......#.#.#
.........# #............#.#..
.........## #.######.....#....
..........## #.# #.....#.#.#
...........#####@######### #....
......#.........(.......# ###(#
###...#########(######### #.#
#...# ♣♣..†♣♣ #... #♣♣ ♣♣.♣(♣.♣♣
♣♣# #.. #.♣♣♣.♣♣C♣♣.♣♣♣.#
#♣.♣.♣♣♣c♣♣♣.♣.♣# ♣♣.♣♣ ♣h♣ ♣♣.♣♣
### #C# ###


You could see a cyclops, a wolf and a centaur.

Vanquished Creatures
  Psyche (D:8)
  Maggie (D:7)
  Grinder (D:6)
  Prince Ribbit (D:5)
  Sigmund (D:2)
  A vampire (D:9)
  Eustachio (D:6)
  Grum (D:9)
  Edmund (D:5)
  2 swamp worms (D:8)
  Duvessa (D:7)
  2 sky beasts
  An eye of draining (D:9)
  An orc warrior (D:7)
  3 ice beasts
  2 black bears
  A phantom (D:6)
  5 ogres
  A wolf (D:9)
  6 centaurs
  4 bullfrogs
  2 gnoll sergeants
  A wyvern zombie (D:9)
  Dowan (D:7)
  A scorpion (D:5)
  2 water moccasin skeletons
  21 killer bees
  2 howler monkeys (D:7)
  A bullfrog zombie (D:5)
  A centaur zombie (D:8)
  2 jellies
  6 hounds
  3 centaur skeletons
  3 orc priests
  2 bullfrog skeletons (D:5)
  9 orc wizards
  Ijyb (D:3)
  An iguana (D:7)
  4 worker ants
  A hound skeleton (D:6)
  2 worker ant zombies (D:9)
  6 gnolls
  16 adders
  3 shadow imps
  A white imp (D:9)
  An ufetubus (D:8)
  An ooze (D:1)
  3 adder skeletons
  5 worms
  4 leopard geckos
  31 orcs
  2 ball pythons
  2 bat zombies (D:2)
  7 giant cockroaches
  16 goblins
  3 hobgoblins
  6 jackals
  5 quokkas
  4 bats
  5 frilled lizards
  A jackal zombie (D:2)
  5 kobolds
  A quokka zombie (D:2)
  5 rats
237 creatures vanquished.

Vanquished Creatures (others)
  15 plants
15 creatures vanquished.

Grand Total: 252 creatures vanquished

Notes
Turn   | Place    | Note
-------+----------+-------------------------------------------
     0 | D:1      | Majorwet the Demonspawn Berserker began the quest for the
                  | Orb.
     0 | D:1      | Reached XP level 1. HP: 18/18 MP: 1/1
   131 | D:1      | Reached skill level 3 in Unarmed Combat
   131 | D:1      | Gained mutation: When hurt, damage is shared between your
                  | health and your magic reserves. [demonic ancestry]
   131 | D:1      | Reached XP level 2. HP: 19/24 MP: 2/2
  1172 | D:2      | Gained mutation: You have sharp toenails. [demonic
                  | ancestry]
  1172 | D:2      | Reached XP level 3. HP: 24/29 MP: 3/3
  1427 | D:2      | Found a sacrificial altar of Ru.
  1440 | D:2      | Reached ** piety under Trog
  1528 | D:2      | Noticed Sigmund
  1529 | D:2      | Found a stormy altar of Qazlal.
  1534 | D:2      | Killed Sigmund
  1535 | D:2      | Reached skill level 4 in Unarmed Combat
  1535 | D:2      | Reached XP level 4. HP: 37/37 MP: 2/4
  1535 | D:2      | Gained mutation: You have sharp fingernails. [demonic
                  | ancestry]
  1535 | D:2      | Reached XP level 5. HP: 42/42 MP: 2/5
  1549 | D:2      | Noticed an air elemental
  1550 | D:2      | Noticed a water elemental
  1550 | D:2      | Noticed a fire elemental
  1606 | D:2      | Reached skill level 5 in Unarmed Combat
  1894 | D:2      | Found a shadowy altar of Dithmenos.
  2259 | D:3      | Noticed Ijyb
  2272 | D:3      | Killed Ijyb
  2273 | D:3      | Gained mutation: You have very sharp fingernails. [demonic
                  | ancestry]
  2273 | D:3      | Reached XP level 6. HP: 6/48 MP: 0/6
  2793 | D:3      | Found an iron altar of Okawaru.
  3194 | D:4      | Reached *** piety under Trog
  3334 | D:4      | Found Isip's Distillery.
  3422 | D:4      | Bought 2 potions of curing for 60 gold pieces
  3422 | D:4      | Bought a potion of heal wounds for 50 gold pieces
  3422 | D:4      | Bought a potion of haste for 100 gold pieces
  3510 | D:4      | Reached skill level 1 in Evocations
  3690 | D:4      | Gained mutation: You have razor-sharp toenails. [demonic
                  | ancestry]
  3690 | D:4      | Reached XP level 7. HP: 47/54 MP: 5/7
  3698 | D:4      | Found an opulent altar of Gozag.
  3701 | D:4      | Found a hazy altar of Hepliaklqana.
  3723 | D:4      | Found a basalt altar of Yredelemnul.
  3981 | D:5      | Entered Level 5 of the Dungeon
  3984 | D:5      | Found Wysigg's Assorted Antiques.
  3993 | D:5      | Reached skill level 6 in Unarmed Combat
  4015 | D:5      | Bought a scroll labelled BIUPUY JITZY for 30 gold pieces
  4030 | D:5      | Noticed Edmund
  4043 | D:5      | Killed Edmund
  4089 | D:5      | Reached skill level 1 in Shields
  4162 | D:5      | Noticed Prince Ribbit
  4179 | D:5      | Killed Prince Ribbit
  4180 | D:5      | Reached skill level 7 in Unarmed Combat
  4180 | D:5      | Gained mutation: You have claws for feet. [demonic
                  | ancestry]
  4180 | D:5      | Reached XP level 8. HP: 57/61 MP: 8/8
  4377 | D:5      | Found Zucs's Magic Scroll Emporium.
  4434 | D:5      | Found a sand-covered staircase.
  4670 | D:5      | Reached **** piety under Trog
  4805 | D:5      | Found Aborph's Antique Armour Shoppe.
  4907 | D:6      | Found a radiant altar of Vehumet.
  4936 | D:6      | Noticed Grinder
  4936 | D:6      | Paralysed by Grinder for 4 turns
  4945 | D:6      | Killed Grinder
  4946 | D:6      | Reached skill level 5 in Fighting
  4946 | D:6      | Reached skill level 8 in Unarmed Combat
  5108 | D:6      | Found a broken altar of Ashenzari.
  5369 | D:6      | Gained mutation: You have a pair of small antennae on your
                  | head. [demonic ancestry]
  5369 | D:6      | Reached XP level 9. HP: 68/68 MP: 9/9
  5373 | D:6      | Noticed Eustachio
  5382 | D:6      | Killed Eustachio
  5531 | D:6      | Reached skill level 9 in Unarmed Combat
  6225 | D:7      | Got a heavily runed buckler
  6259 | D:7      | Reached skill level 5 in Armour
  6348 | D:7      | Identified the -7 buckler "Faguramn" {rF+ rC+} (You found
                  | it on level 7 of the Dungeon)
  6352 | D:7      | Noticed Duvessa
  6363 | D:7      | Killed Duvessa
  6372 | D:7      | Noticed Dowan
  6383 | D:7      | Killed Dowan
  6571 | D:7      | Found a staircase to the Ecumenical Temple.
  6597 | D:7      | Reached skill level 10 in Unarmed Combat
  6643 | D:7      | Noticed Maggie
  6659 | D:7      | Killed Maggie
  6810 | D:7      | Reached XP level 10. HP: 76/76 MP: 5/10
  8325 | D:8      | Noticed Almogavar's ghost (novice KoCj)
  8326 | D:8      | Found a runed translucent gate.
  8326 | D:8      | Noticed a deep elf mage
  8327 | D:8      | Found a runed translucent gate.
  8327 | D:8      | Found a runed translucent gate.
  8382 | D:8      | Reached ***** piety under Trog
  8552 | D:8      | Noticed Psyche
  8560 | D:8      | Killed Psyche
  8561 | D:8      | Reached skill level 11 in Unarmed Combat
  8927 | D:8      | Got a scintillating copper ring
  9084 | D:8      | Identified the ring of Tyujos {rC+ rN+} (You found it on
                  | level 8 of the Dungeon)
  9387 | D:9      | Reached skill level 5 in Evocations
 10021 | D:9      | Noticed Grum
 10041 | D:9      | Killed Grum
 10044 | D:9      | Noticed a cyclops
 10055 | D:9      | HP: 2/77 [cyclops/large rock (17)]
 10055 | D:9      | Hit by a large rock thrown by a cyclops

Illustrated notes

Levels and vault maps discovered:
D:1:      roderic_octagonal_star, layout_basic
D:2:      layout_loops_ring, nicolae_qazlal_style_of_elements,
          nicolae_dithmenos_through_a_glass_darkly, overflow_temple_1_default,
          serial_undead, serial_undead_c, serial_undead_a, serial_undead_d,
          serial_undead_c, serial_undead_c, serial_undead_e, uniq_sigmund
D:3:      kennysheep_the_goblin_king, layout_loops_corners,
          kennysheep_okawaru_gauntlet
D:4:      layout_cave_pools, grunt_temple_overflow_open, serial_shops,
          nicolae_shop_waterfront, serial_rivers, chequers_serial_rivers_marsh,
          chequers_serial_rivers_small_a, chequers_serial_rivers_micro_a,
          chequers_serial_rivers_small_a, chequers_serial_rivers_marsh,
          chequers_serial_rivers_marsh
D:5:      layout_loops_cross, enter_ossuary_2, serial_shops, kennysheep_mini,
          shop, shop, st_stairs_8, uniq_edmund, uniq_prince_ribbit1
D:6:      layout_basic, kennysheep_mini_moat, evilmike_ruin_ashenzari,
          uniq_grinder, uniq_eustachio
D:7:      layout_layer_cave, minmay_temple_entry_trees, uniq_duvessa,
          uniq_maggie
D:8:      layout_loops_ring, gammafunk_ghost_split, worms_lemuel, uniq_psyche
D:9:      nzn_winding_woodlands_cross [nzn_winding_woodlands_5x15_lazy_stream,
          nzn_winding_woodlands_5x15_sawtooth, nzn_winding_woodlands_5x15_eye,
          nzn_winding_woodlands_5x15_longhouse,
          nzn_winding_woodlands_15x15_five_gardens], layout_basic, uniq_grum

Skill      XL: |  1  2  3  4  5  6  7  8  9 10 |
---------------+-------------------------------+-----
Unarmed Combat | 3 4 5 7 8 10 11 | 11.8
Dodging        | 2 |  2.3
Armour         | 2 3 4 5 6 |  6.1
Fighting       | 4 5 6 |  6.5
Evocations     | 1 2 3 4 5 |  5.3
Shields        | 1 2 |  2.2

Action                   |  1- 3 |  4- 6 |  7- 9 | 10-12 || total
-------------------------+-------+-------+-------+-------++-------
Melee: Unarmed           |   129 |   127 |   241 |   157 ||   654
       Kick              |     4 |    38 |    71 |    49 ||   162
       Punch             |     1 |     2 |     7 |       ||    10
Invok: Berserk           |     2 |     1 |     9 |     5 ||    17
       Trog's Hand       |       |     1 |     5 |     3 ||     9
Evoke: Wand              |       |     2 |       |       ||     2
  Use: Scroll            |       |     3 |     6 |     2 ||    11
       Potion            |       |     2 |       |       ||     2
Armor: Animal skin       |    16 |       |       |       ||    16
       Chain mail        |    60 |    55 |       |       ||   115
       Leather armour    |     1 |       |       |       ||     1
       Plate armour      |       |    19 |   103 |    76 ||   198
Dodge: Dodged            |    61 |    52 |    92 |    87 ||   292
Block: Other             |       |    12 |    29 |       ||    41
       Buckler           |       |       |     8 |    16 ||    24
       Reflection        |       |       |     4 |     2 ||     6
